AoeStats
← chewie1706

African Clearing

506420023Analyzed
3v3 RM · 19d ago on Sep 13, 2026· 37m 57s· 6 players
Game mode
Random Map
Map size
Normal (6 player)
Population
200
Speed
Normal
Resources
Standard
Victory
Conquest
Starting age
Dark Age
Ending age
Imperial Age
RankedLock teamsTeams togetherTeam positionsShared explorationLock speedFull tech treeHidden civsTurbo modeCheats
Victory
Defeat
🇫🇷 Khitans · France
1726
+10
🇫🇷 Slavs · France
1612
+14
🇫🇷 Magyars · France
1528
+18
🇨🇭 Celts · Switzerland
1602
-15
🇪🇸 Cumans · Spain
1595
-15
🇦🇷 Persians · Argentina
1537
-12
Raspadori
11:49 Feudal Age
12:26 Double-Bit Axe
12:47 Horse Collar
15:00 Town Watch
15:33 Loom
16:57 Wheelbarrow
19:23 Gold Mining
23:09 Castle Age
22:02 Scale Barding Armor
22:39 Forging
22:46 Fletching
24:06 Hand Cart
24:52 Bloodlines
25:46 Heavy Plow
28:24 Chain Barding Armor
28:54 Bow Saw
29:59 Iron Casting
35:22 Imperial Age
34:01 Gold Mining
34:08 Stone Mining
35:10 Ballistics
36:40 Plate Barding Armor
35:27 Cavalier
36:59 Coinage
37:25 Gold Shaft Mining
37:25 Conscription
38:17 Blast Furnace
F1NBLOO
10:52 Loom
12:39 Feudal Age
17:19 Castle Age
16:36 Double-Bit Axe
31:36 Wheelbarrow
31:23 Horse Collar
33:44 Scale Mail Armor
35:50 Town Watch
36:39 Forging
37:01 Chain Mail Armor
37:33 Hand Cart
Ferman
13:09 Feudal Age
13:22 Loom
13:41 Town Watch
14:02 Double-Bit Axe
16:33 Castle Age
23:00 Horse Collar
24:26 Bloodlines
25:06 Bow Saw
27:51 Forging
AGS.Eratuss
9:07 Loom
11:25 Feudal Age
12:14 Double-Bit Axe
13:30 Domestication
14:10 Forging
19:50 Town Watch
23:09 Castle Age
22:17 Scale Barding Armor
23:52 Husbandry
24:46 Iron Casting
24:35 Gold Mining
31:08 Chain Barding Armor
37:14 Wheelbarrow
37:02 Bow Saw
AGS.BlackKnight
13:33 Feudal Age
12:28 Loom
17:21 Castle Age
15:41 Horse Collar
15:55 Double-Bit Axe
18:35 Bow Saw
22:41 Wheelbarrow
22:42 Town Watch
23:03 Stone Mining
24:12 Scale Barding Armor
24:32 Gold Mining
26:23 Forging
26:54 Bloodlines
26:55 Husbandry
28:26 Heavy Plow
29:55 Hand Cart
30:13 Detinets
30:37 Chain Barding Armor
35:55 Imperial Age
34:55 Iron Casting
34:12 Fletching
35:22 Town Patrol
35:56 Elite Boyar
37:12 Plate Barding Armor
37:10 Conscription
38:43 Blast Furnace
38:22 Hoardings
38:36 Ballistics
38:13 Bodkin Arrow
chewie1706
8:50 Loom
11:24 Feudal Age
12:42 Double-Bit Axe
13:40 Horse Collar
18:55 Wheelbarrow
22:37 Castle Age
21:13 Gold Mining
22:08 Bloodlines
24:44 Bow Saw
24:35 Heavy Plow
25:11 Husbandry
27:20 Scale Barding Armor
31:10 Stone Mining
33:32 Fletching
33:42 Padded Archer Armor
36:51 Imperial Age
34:43 Ballistics
35:30 Bodkin Arrow
35:50 Leather Archer Armor
36:59 Thumb Ring
37:36 Bracer
37:07 Heavy Cavalry Archer
37:55 Recurve Bow
38:17 Conscription
38:43 Parthian Tactics
39:03 Ring Archer Armor
Connection lost

Rejoining the realm…

Still unreachable

The connection could not be restored.

Session expired

The server has moved on; the page needs a fresh start.